 Dungeon Crawl Stone Soup version 0.30-a0-743-gbfdf073431 (webtiles) character file.

Game seed: 7624465699435138369

610 epen the Blocker (level 7, -5/53 HPs)
             Began as a Gnoll Wanderer on Feb 5, 2023.
             Was a Priest of Fedhas.
             Slain by an ogre
             ... wielding a +0 giant club
              (23 damage)
             ... on level 5 of the Dungeon.
             The game lasted 00:05:40 (3165 turns).

epen the Blocker (Gnoll Wanderer)                   Turns: 3165, Time: 00:05:41

Health: -5/53      AC: 13    Str: 10    XL:     7   Next: 43%
Magic:  12/12      EV: 10    Int: 10    God:    Fedhas [***...]
Gold:   206        SH:  7    Dex: 22    Spells: 12/13 levels left

rFire   . . .      SeeInvis .    f - +2 dagger (elec)
rCold   + . .      Faith    .    e - +0 buckler {AC+3}
rNeg    . . .      Spirit   .    k - +0 scale mail {rC+}
rPois   .          Reflect  .    (no helmet)
rElec   .          Harm     .    u - +0 cloak
rCorr   .          Rampage  .    b - +0 pair of gloves
Will    .....                    r - +0 pair of boots
Stlth   ++                       (no amulet)
HPRegen 0.28/turn                l - +6 ring of dexterity
MPRegen 0.13/turn                (no ring)

@: no status effects
A: fangs 1, strong nose, distributed training
a: Renounce Religion, Wall of Briars, Grow Ballistomycete


You were on level 5 of the Dungeon.
You worshipped Fedhas.
Fedhas was most pleased with you.
You visited 1 branch of the dungeon, and saw 5 of its levels.

You collected 206 gold pieces.

Inventory:

Hand Weapons
 a - a +0 dagger
 f - a +2 dagger of electrocution (weapon)
Armour
 b - a +0 pair of gloves (worn)
 d - a +0 robe
 e - a +0 buckler of protection (worn)
 k - a +0 scale mail of cold resistance (worn)
 p - a +0 pair of gloves
 r - a +0 pair of boots (worn)
 u - a +0 cloak (worn)
Jewellery
 l - a +6 ring of dexterity (left hand)
Wands
 s - a wand of digging (6)
Scrolls
 n - 2 scrolls of fear
Potions
 c - a potion of haste
 g - 3 potions of curing
 h - 2 potions of brilliance {unknown}
 i - a potion of lignification {unknown}
 m - a potion of ambrosia {unknown}
 o - 2 potions of degeneration {unknown}
 q - a potion of berserk rage {unknown}
 t - a potion of magic {unknown}


   Skills:
 + Level 3.7 Fighting
 + Level 2.6 Short Blades
 + Level 2.6 Long Blades
 + Level 2.6 Axes
 + Level 2.6 Maces & Flails
 + Level 2.6 Polearms
 + Level 2.6 Staves
 + Level 2.6 Ranged Weapons
 + Level 2.6 Throwing
 + Level 2.6 Armour
 + Level 3.7 Dodging
 + Level 3.5 Stealth
 + Level 8.9 Shields
 + Level 2.6 Unarmed Combat
 + Level 3.9 Spellcasting
 + Level 2.1 Conjurations
 + Level 4.3 Hexes
 + Level 2.1 Summonings
 + Level 2.1 Necromancy
 + Level 2.1 Translocations
 + Level 2.1 Transmutations
 + Level 2.1 Fire Magic
 + Level 2.1 Ice Magic
 + Level 2.1 Air Magic
 + Level 2.1 Earth Magic
 + Level 2.1 Poison Magic
 + Level 2.9 Invocations
 + Level 2.6 Evocations


You had 12 spell levels left.
You knew the following spells:

 Your Spells              Type           Power      Damage    Failure   Level
a - Slow                  Hex            40%        N/A       34%         1

Your spell library contained the following spells:

 Spells                   Type           Power      Damage    Failure   Level
 Scorch                   Fire           12%        2d6       78%         2
 Dazzling Flash           Conj/Hex       16%        N/A       86%         3
 Flame Wave               Conj/Fire      6%         2d5       100%        4
 Summon Cactus Giant      Summ           3%         N/A       100%        6


Dungeon Overview and Level Annotations

Branches:
Dungeon (5/15)             Temple (0/1) D:4

Altars:
Elyvilon
Fedhas


Innate Abilities, Weirdness & Mutations

You have very sharp teeth.
Your uncanny sense of smell can sniff out nearby items.
Your experience applies equally to all skills.


Message History

The hound closely misses you.
You hit the hound but do no damage. You bite the hound.
The hound is moderately wounded.
The hound barely misses you.
You miss the hound. You bite the hound, but do no damage.
The hound is moderately wounded.
The hound barely misses you.
You hit the hound. Lightning courses through the hound!
You kill the hound!
Fedhas appreciates your contribution to the ecosystem.
An ogre comes into view. It is wielding a +0 giant club.
The ogre barely misses you.
You barely miss the ogre. You puncture the ogre!
The ogre is moderately wounded.
You hear the slow rusting of a very distant drain.
The ogre barely misses you.
You hit the ogre. You bite the ogre, but do no damage.
The ogre is moderately wounded.
You hit the ogre.
The ogre is heavily wounded.
The ogre hits you with a +0 giant club!
You hit the ogre.
The ogre is heavily wounded.
The ogre hits you with a +0 giant club!
You are too injured to fight recklessly!
You are too injured to fight recklessly!
You are too injured to fight recklessly!
You hit the ogre.
The ogre is severely wounded.
You hit the ogre.
The ogre is severely wounded.
You block the ogre's attack.
You barely miss the ogre. You bite the ogre, but do no damage.
The ogre is severely wounded.
You hit the ogre.
The ogre is almost dead.
The ogre hits you with a +0 giant club!!
You die...
Fedhas appreciates your contribution to the ecosystem.

#############
##..)..#.....##
##....†..<.....##
#.....†.........#
####...............#
...................#
.##.........|.....####
#..@................
#..#O.................
##..#.....#.....#.....
.......##########.^...
#.###..... ##.... .
....... .........
######. ..##.###. ..
#. #. .. #.


You could see an ogre.

Vanquished Creatures
  Sigmund (D:3)
  An ogre (D:4)
  Crazy Yiuf (D:4)
  An orc priest (D:3)
  4 hounds
  An iguana (D:4)
  3 gnolls (D:2)
  3 adders
  3 worms
  4 dart slugs
  4 orcs (D:3)
  4 endoplasms
  4 giant cockroaches
  4 goblins
  10 hobgoblins
  4 jackals (D:2)
  6 kobolds
  5 quokkas
  7 ball pythons
  9 bats
  4 frilled lizards
  4 rats
87 creatures vanquished.

Notes
Turn   | Place    | Note
-------+----------+-------------------------------------------
     0 | D:1      | epen the Gnoll Wanderer began the quest for the Orb.
     0 | D:1      | epen set off with the following items: a +0 dagger, a +0
                  | pair of gloves, a potion of haste, a +0 robe, a +0 buckler
                  | of protection; and the following spell memorised: Slow; and
                  | the following spells available to memorise: Dazzling Flash.
     0 | D:1      | Reached XP level 1. HP: 17/17 MP: 4/4
   109 | D:1      | Reached XP level 2. HP: 23/23 MP: 5/5
   211 | D:1      | Found a faded altar of an unknown god.
   242 | D:1      | Prayed at the altar of an unknown god.
   242 | D:1      | Became a worshipper of Fedhas Madash
   242 | D:1      | Reached * piety under Fedhas
   460 | D:2      | Reached XP level 3. HP: 14/28 MP: 7/7
   599 | D:2      | Reached skill level 1 in Invocations
   855 | D:2      | Reached skill level 1 in Short Blades
   855 | D:2      | Reached skill level 1 in Long Blades
   855 | D:2      | Reached skill level 1 in Axes
   855 | D:2      | Reached skill level 1 in Maces & Flails
   855 | D:2      | Reached skill level 1 in Polearms
   855 | D:2      | Reached skill level 1 in Staves
   855 | D:2      | Reached skill level 1 in Ranged Weapons
   855 | D:2      | Reached skill level 1 in Throwing
   855 | D:2      | Reached skill level 1 in Armour
   855 | D:2      | Reached skill level 1 in Unarmed Combat
   855 | D:2      | Reached skill level 1 in Evocations
  1133 | D:2      | Reached XP level 4. HP: 32/34 MP: 8/8
  1242 | D:2      | Reached ** piety under Fedhas
  1245 | D:2      | Reached skill level 1 in Conjurations
  1245 | D:2      | Reached skill level 1 in Summonings
  1245 | D:2      | Reached skill level 1 in Necromancy
  1245 | D:2      | Reached skill level 1 in Translocations
  1245 | D:2      | Reached skill level 1 in Transmutations
  1245 | D:2      | Reached skill level 1 in Fire Magic
  1245 | D:2      | Reached skill level 1 in Ice Magic
  1245 | D:2      | Reached skill level 1 in Air Magic
  1245 | D:2      | Reached skill level 1 in Earth Magic
  1245 | D:2      | Reached skill level 1 in Poison Magic
  1606 | D:3      | Reached XP level 5. HP: 40/40 MP: 9/9
  2082 | D:3      | Noticed Sigmund
  2090 | D:3      | Killed Sigmund
  2091 | D:3      | Reached XP level 6. HP: 47/47 MP: 9/11
  2476 | D:4      | Reached XP level 7. HP: 52/52 MP: 12/12
  2574 | D:4      | Found a staircase to the Ecumenical Temple.
  2588 | D:4      | Found a runed translucent door.
  2589 | D:4      | Noticed Crazy Yiuf
  2668 | D:4      | Reached *** piety under Fedhas
  2768 | D:4      | Found a white marble altar of Elyvilon.
  2989 | D:4      | Killed Crazy Yiuf
  3000 | D:4      | Identified the +0 hammer "Yhenad" {chaos, rF++ rN++ Dex-4}
  3106 | D:5      | Entered Level 5 of the Dungeon
  3165 | D:5      | Slain by an ogre

Illustrated notes

Levels and vault maps discovered:
D:1:      nzn_arrival_settlement, layout_rooms, basic_ecumenical_altar
D:2:      layout_basic
D:3:      layout_basic, uniq_sigmund
D:4:      layout_rooms, elyvilon_altar_3, minmay_temple_entry_large_hall,
          uniq_crazy_yiuf_cottage
D:5:      layout_rooms, portal_sewer_entry_b

Skill      XL: |  1  2  3  4  5  6  7 |
---------------+----------------------+-----
Invocations    | 1 2 |  2.9
Short Blades   | 1 2 |  2.6
Long Blades    | 1 2 |  2.6
Axes           | 1 2 |  2.6
Maces & Flails | 1 2 |  2.6
Polearms       | 1 2 |  2.6
Staves         | 1 2 |  2.6
Ranged Weapons | 1 2 |  2.6
Throwing       | 1 2 |  2.6
Armour         | 1 2 |  2.6
Unarmed Combat | 1 2 |  2.6
Evocations     | 1 2 |  2.6
Spellcasting   | 3 |  3.9
Conjurations   | 1 2 |  2.1
Summonings     | 1 2 |  2.1
Necromancy     | 1 2 |  2.1
Translocations | 1 2 |  2.1
Transmutations | 1 2 |  2.1
Fire Magic     | 1 2 |  2.1
Ice Magic      | 1 2 |  2.1
Air Magic      | 1 2 |  2.1
Earth Magic    | 1 2 |  2.1
Poison Magic   | 1 2 |  2.1
Fighting       | 3 |  3.7
Dodging        | 3 |  3.7
Hexes          | 4 |  4.3
Stealth        | 3 |  3.5
Shields        | |  8.9

Action                     |  1- 3 |  4- 6 |  7- 9 || total
---------------------------+-------+-------+-------++-------
  Melee: Dagger            |   190 |    76 |    72 ||   338
         Bite              |    30 |     9 |     9 ||    48
    Use: Scroll            |     4 |       |     1 ||     5
   Stab: Sleeping          |     3 |     3 |       ||     6
 Armour: Robe              |    61 |     5 |       ||    66
         Scale mail        |       |     4 |    21 ||    25
  Dodge: Dodged            |   113 |    31 |    29 ||   173
  Block: Buckler           |    64 |    18 |    26 ||   108

Table legend: (Time is in decaauts)
 A = Elapsed time spent in this place.
 B = Non-inter-level travel time spent in this place.
 C = Inter-level travel time spent in this place.
 D = Time resting spent in this place.
 E = Time spent auto-exploring this place.
 F = Levels seen in this place.
 G = Mean time per level.
                   A        B        C        D        E       F      G
               +--------+--------+--------+--------+--------+-----+--------+
         Total |   3152 |   3026 |    126 |    131 |   2121 |   5 |  630.4 |
       Dungeon |   3152 |   3026 |    126 |    131 |   2121 |   5 |  630.4 |
               +--------+--------+--------+--------+--------+-----+--------+

Top non-repeatable levels by time:
     D:2: 1030 daAuts
     D:3: 787 daAuts
     D:4: 772 daAuts
     D:1: 506 daAuts
     D:5: 56 daAuts
